 Dungeon Crawl Stone Soup version 0.21-a0-630-g344d351 (webtiles) character file.

120 KristoblXynda the Charmwright (level 4, -6/22 HPs)
             Began as a Spriggan Skald on Dec 26, 2017.
             Mangled by Natasha (8 damage)
             ... on level 2 of the Dungeon.
             The game lasted 00:03:35 (2349 turns).

KristoblXynda the Charmwright (Spriggan Skald)      Turns: 2349, Time: 00:03:36

Health: -6/22      AC:  2    Str:  8    XL:     4   Next: 75%
Magic:  1/10       EV: 19    Int: 14    God:
Gold:   66         SH:  0    Dex: 15    Spells: 3/10 levels left

rFire    . . .     SeeInvis +   f - +0 dagger
rCold    . . .     Gourm    .   (shield restricted)
rNeg     . . .     Faith    .   b - +0 robe
rPois    .         Spirit   .   (helmet restricted)
rElec    .         Reflect  .   (no cloak)
rCorr    .         Harm     .   (gloves unavailable)
MR       .....                  (boots unavailable)
Stlth    ++........             (no amulet)
HPRegen  0.07/turn              (no ring)
MPRegen  0.12/turn              (no ring)

@: infused, very quick
A: very small, unfitting armour, see invisible, herbivore, speed 3, slow
metabolism 2
a: no special abilities


You were on level 2 of the Dungeon.
You were not hungry.

You visited 1 branch of the dungeon, and saw 2 of its levels.

You collected 66 gold pieces.

Inventory:

Hand Weapons
 f - a +0 dagger (weapon)
Armour
 b - a +0 robe (worn)
Scrolls
 a - 2 scrolls of teleportation {unknown}
 g - 2 scrolls of identify {unknown}
 h - a scroll of enchant armour {unknown}
 i - 2 scrolls of enchant weapon {unknown}
Potions
 e - a potion of cancellation
 j - a potion of magic {unknown}
 k - a potion of resistance {unknown}
Books
 c - a book of Battle

   Spells                             Type                      Level
   a - Infusion                       Charms                       1
   b - Shroud of Golubria             Charms/Translocation         2
   c - Song of Slaying                Charms                       2
   d - Spectral Weapon                Hexes/Charms                 3
   e - Regeneration                   Charms/Necromancy            3
Comestibles
 d - 6 rations


   Skills:
 - Level 1.5 Fighting
 + Level 3.3 Short Blades
 - Level 4.0 Dodging
 + Level 2.6 Stealth
 + Level 3.8 Spellcasting
 + Level 5.5 Charms


You had 3 spell levels left.
You knew the following spells:

 Your Spells              Type           Power        Failure   Level  Hunger
a - Infusion              Chrm           ###.         1%          1    None
b - Regeneration          Chrm/Necr      ##........   19%         3    ###....
c - Spectral Weapon       Hex/Chrm       ##......     19%         3    ###....


Dungeon Overview and Level Annotations

Branches:
Dungeon (2/15)

Altars:

Annotations:
D:2 Natasha


Innate Abilities, Weirdness & Mutations

You are very small and have problems with some larger weapons.
You are too small for most types of armour.
You have supernaturally acute eyesight. (SInv)
You are a herbivore.
You cover ground extremely quickly.
You need consume almost no food.


Message History

Natasha is heavily wounded.
Your skin stops crawling.
Natasha casts a spell.
You hit Natasha.
Natasha is severely wounded.
Natasha casts a spell at you. The magic dart hits you!
You hit Natasha.
Natasha is almost dead.
The white imp gestures at you. The puff of frost misses you.
Natasha stares at you and mumbles some strange words.
The magic dart hits you!
You barely miss Natasha.
Natasha is almost dead.
The white imp gestures at you. The puff of frost hits you!
* * * LOW HITPOINT WARNING * * *
Natasha claws you!
You die...

#.# #......# #
#####h###......###
#.................
#.................
###?.......#........
#...............###.
#.(.#####.......# #.
#..h# #.......# #.
#.5@# #.......# #.
#...# ######### #.
#...# #. #...# #.
#...# #. ##### #. #.
##


You could see Natasha and a white imp.

Vanquished Creatures
  Jessica (D:2)
  Natasha (D:2)
  3 adders (D:2)
  A dart slug (D:2)
  5 leopard geckos
  3 giant cockroaches
  7 goblins
  3 hobgoblins (D:1)
  4 kobolds
  3 bats
  3 frilled lizards
  3 rats
37 creatures vanquished.

Notes
Turn   | Place    | Note
-------+----------+-------------------------------------------
     0 | D:1      | KristoblXynda the Spriggan Skald began the quest for the Orb.
     0 | D:1      | Reached XP level 1. HP: 10/10 MP: 5/5
   547 | D:1      | Reached XP level 2. HP: 14/14 MP: 6/6
  1529 | D:2      | Reached skill level 5 in Charms
  1529 | D:2      | Reached XP level 3. HP: 14/18 MP: 2/8
  1533 | D:2      | Reached skill level 1 in Stealth
  1600 | D:2      | Learned a level 3 spell: Regeneration
  1604 | D:2      | Learned a level 3 spell: Spectral Weapon
  2045 | D:2      | Noticed Jessica
  2063 | D:2      | Killed Jessica
  2063 | D:2      | Reached XP level 4. HP: 17/22 MP: 1/10
  2182 | D:2      | Noticed Natasha
  2216 | D:2      | Killed Natasha
  2332 | D:2      | Noticed Natasha
  2349 | D:2      | Mangled by Natasha

Vault maps used:
D:1:      dpeg_arrival_arbitrary_b
D:2:      uniq_robin, uniq_natasha, uniq_jessica

Skill      XL: |  1  2  3 |
---------------+----------+-----
Spellcasting   | 3 |  3.8
Dodging        | 4 |  4.0
Charms         | 5 |  5.5
Stealth        | 2 |  2.6
Short Blades   | 3 |  3.3
Fighting       | |  1.5

Action                   |  1- 3 |  4- 6 || total
-------------------------+-------+-------++-------
Melee: Dagger            |   136 |    35 ||   171
       Short sword       |     4 |       ||     4
 Cast: Infusion          |    12 |     3 ||    15
       Regeneration      |     1 |     2 ||     3
  Use: Potion            |       |     3 ||     3
 Stab: Sleeping          |     2 |     2 ||     4
Armor: Robe              |    14 |       ||    14
Dodge: Dodged            |    95 |    22 ||   117

Table legend:
 A = Spawn XP
 B = Non-spawn XP
 C = Spawn XP percentage of total XP
 D = Spawn monster count
 E = Non-spawn monster count
 F = Spawn count percentage of total count
 G = Total turns spent on level
                    A         B        C        D         E        F      G
               +---------+---------+-------+---------+---------+-------+---------
         Total |       0 |     172 |   0.0 |       0 |      37 |   0.0 |  2349
               +---------+---------+-------+---------+---------+-------+---------
           D:1 |       0 |      31 |   0.0 |       0 |      18 |   0.0 |  1436
           D:2 |       0 |     141 |   0.0 |       0 |      19 |   0.0 |   913
               +---------+---------+-------+---------+---------+-------+---------
